 Dungeon Crawl Stone Soup version 0.27-a0-686-gaed091b46b (webtiles) character file.

Game seed: 13596757276110651446

166 wakim the Stinger (level 5, -4/31 HPs)
             Began as an Octopode Venom Mage on Mar 20, 2021.
             Slain by a hobgoblin
             ... wielding a +0 club
              (5 damage)
             ... on level 3 of the Dungeon.
             The game lasted 00:10:56 (3324 turns).

wakim the Stinger (Octopode Venom Mage)             Turns: 3324, Time: 00:10:57

Health: -4/31      AC:  1    Str:  8    XL:     5   Next: 47%
Magic:  9/9        EV: 13    Int: 18    God:
Gold:   120        SH:  0    Dex: 12    Spells: 3/10 levels left

rFire    . . .     SeeInvis .   a - +0 flail
rCold    . . .     Faith    .   (no shield)
rNeg     . . .     Spirit   .   (helmet restricted)
rPois    .         Reflect  .   g - amulet of magic regeneration
rElec    .         Harm     .   (no ring)
rCorr    .         Rampage  .   (no ring)
Will     .....                  (no ring)
Stlth    +++.......             (no ring)
HPRegen  0.10/turn              (no ring)
MPRegen  0.36/turn              (no ring)
                                (no ring)
                                (no ring)

@: lethally poisoned (-4 -> -8)
A: almost no armour, amphibious, 8 rings, camouflage 1, gelatinous body 1,
nimble swimmer 1, tentacles
a: no special abilities


You were on level 3 of the Dungeon.
You visited 1 branch of the dungeon, and saw 4 of its levels.

You collected 120 gold pieces.

Inventory:

Hand Weapons
 a - a +0 flail (weapon)
Missiles
 i - a throwing net
Jewellery
 g - an amulet of magic regeneration (around mantle)
Scrolls
 j - 2 scrolls of amnesia {unknown}
Potions
 b - a potion of haste {unknown}
 c - a potion of flight {unknown}
 d - a potion of attraction {unknown}
 e - a potion of degeneration {unknown}
 h - a potion of might {unknown}
 B - 3 potions of brilliance


   Skills:
 - Level 2.0 Dodging
 - Level 4.0 Stealth
 + Level 3.1 Spellcasting
 - Level 1.0 Transmutations
 * Level 5.9 Poison Magic


You had 3 spell levels left.
You knew the following spells:

 Your Spells              Type           Power      Damage    Failure   Level
a - Sting                 Tmut/Pois      60%        1d6       3%          1
s - Poisonous Vapours     Pois/Air       26%        N/A       7%          2
w - Olgreb's Toxic Radia  Pois           24%        N/A       14%         4

Your spell library contained the following spells:

 Spells                   Type           Power      Damage    Failure   Level
 Animate Skeleton         Necr           4%         N/A       16%         1
 Apportation              Tloc           4%         N/A       16%         1
 Corona                   Hex            2%         N/A       16%         1
 Magic Dart               Conj           8%         1d3       16%         1
 Summon Small Mammal      Summ           8%         N/A       16%         1
 Ignite Poison            Fire/Tmut/Pois 11%        N/A       19%         3
 Mephitic Cloud           Conj/Pois/Air  9%         N/A       22%         3
 Blink                    Tloc           N/A        N/A       24%         2
 Call Imp                 Summ           2%         N/A       24%         2
 Searing Ray              Conj           4%         3d3       24%         2
 Slow                     Hex            2%         N/A       24%         2
 Conjure Flame            Conj/Fire      2%         6-21      43%         3
 Dazzling Flash           Conj/Hex       4%         N/A       43%         3
 Fulminant Prism          Conj/Hex       1%         3d6       85%         4
 Iskenderun's Mystic Bla  Conj/Tloc      2%         2d3       85%         4


Dungeon Overview and Level Annotations

Branches:
Dungeon (4/15)
 Temple: D:4-7

Altars:
Hepliaklqana

Annotations:
D:4 Blork the orc, Grinder, Pikel


Innate Abilities, Weirdness & Mutations

You cannot wear most types of armour.
You are amphibious.
You can wear up to eight rings at the same time.
Your skin changes colour to match your surroundings (Stealth+).
Your rubbery body absorbs attacks. (AC +1, EV +1)
You are stealthy while swimming. (Stealth+)
You have tentacles for arms and can constrict up to eight enemies at once.


Message History

The water moccasin bites you! Grinder gestures at you.
You resist with significant effort.
A lemure comes into view.
Pikel says, "I'm sure the Orcish Mines are around here somewhere..."
An orc comes into view. It is wielding a +0 dagger.
Okay, then.
An orc priest comes into view. It is wielding a +0 hand axe.
Casting: Olgreb's Toxic Radiance (extremely dangerous; 14% risk of failure)
Confirm with . or Enter, or press ? or * to list all spells.
You don't know that spell.
Unknown command.
Blork the orc screams, "I'll crush all your ribs!
One by one!"
The water moccasin bites you.
You are poisoned.
The water moccasin poisons you!
An orc priest comes into view. It is wielding a +0 dagger.
The orc priest shouts!
You hear a shout!
The orc shouts!
The orc priest shouts!
You kill the lemure!
That felt strangely unrewarding.
An orc comes into view. It is wielding a +0 trident.
Okay, then.
Blink to where?
Press: ? - help, Dir - move target
As you read the scroll of blinking, it crumbles to dust.
An orc comes into view. It is wielding a +0 morningstar.
The orc shouts!
Found a potion of curing.
There is a stone staircase leading up here.
The water moccasin bites you.
* * * LOW HITPOINT WARNING * * *
The orc hits you with a +0 morningstar.
* * * LOW HITPOINT WARNING * * *
You climb upwards.
The orc shouts!
A frilled lizard, an adder, a quokka, a giant cockroach, a hobgoblin and a kobold come into view.
* * * LOW HITPOINT WARNING * * *
The frilled lizard hisses angrily.
The hobgoblin hits you with a +0 club.
You die...

######+#######
#............#
#...........$#
#........o...#
#.rK.........#
#.....ol.B...#
#
#...S.@......'
.
#....g.......#
#
#............#
#............#
#............#
####..........
#..........
#...####...


You could see an adder, 2 orcs, a quokka, a giant cockroach, a hobgoblin, a
kobold and a frilled lizard.

Vanquished Creatures
  A lemure (D:4)
  Crazy Yiuf (D:2)
  Natasha (D:2)
  4 adders
  A shadow imp (D:2)
  A worm (D:2)
  3 dart slugs
  2 leopard geckos
  4 orcs (D:3)
  A giant cockroach (D:2)
  5 goblins
  8 hobgoblins
  3 jackals (D:1)
  A quokka (D:2)
  3 ball pythons
  6 bats
  3 frilled lizards
  8 kobolds
  6 rats
62 creatures vanquished.

Notes
Turn   | Place    | Note
-------+----------+-------------------------------------------
     0 | D:1      | wakim the Octopode Venom Mage began the quest for the Orb.
     0 | D:1      | Reached XP level 1. HP: 11/11 MP: 3/3
   476 | D:1      | Reached XP level 2. HP: 17/17 MP: 3/5
   479 | D:1      | Learned a level 2 spell: Poisonous Vapours
   483 | D:1      | Reached skill level 4 in Poison Magic
  1180 | D:1      | Reached XP level 3. HP: 21/21 MP: 3/6
  2153 | D:2      | Reached XP level 4. HP: 27/27 MP: 4/7
  2359 | D:2      | Noticed Natasha
  2361 | D:2      | Killed Natasha
  2362 | D:2      | Reached skill level 5 in Poison Magic
  2550 | D:2      | Found a runed translucent door.
  2551 | D:2      | Noticed Crazy Yiuf
  2566 | D:2      | Killed Crazy Yiuf
  2567 | D:2      | Reached XP level 5. HP: 31/31 MP: 2/9
  2726 | D:2      | Learned a level 4 spell: Olgreb's Toxic Radiance
  2929 | D:3      | Found a hazy altar of Hepliaklqana.
  3297 | D:3      | You fall into a shaft and drop 1 floor!
  3297 | D:4      | Noticed Grinder
  3298 | D:4      | Noticed Pikel
  3298 | D:4      | Noticed a lemure
  3298 | D:4      | Noticed a lemure
  3298 | D:4      | Noticed a water moccasin
  3298 | D:4      | Noticed Blork the orc
  3298 | D:4      | Noticed a lemure
  3304 | D:4      | Noticed a lemure
  3311 | D:4      | Killed a lemure
  3324 | D:3      | HP: 1/31 [poisoned by a water moccasin]
  3324 | D:3      | Slain by a hobgoblin

Illustrated notes

Levels and vault maps discovered:
D:1:      nzn_arrival_settlement, layout_basic, serial_glass, glass_columns_a,
          glass_columns_c, feat_on_display, feat_on_display,
          minmay_strange_pillars, minmay_tetromino_t4
D:2:      layout_loops_ring, kennysheep_nondescript, dk_noncrumbling_2,
          uniq_crazy_yiuf_cottage, uniq_natasha
D:3:      layout_basic, lemuel_doored_altar, nicolae_overflow_crystal_walls,
          corexii_leaking_fountain
D:4:      layout_rooms, serial_rivers, chequers_serial_rivers_small_a,
          chequers_serial_rivers_micro_d, chequers_serial_rivers_micro_d,
          chequers_serial_rivers_micro_a, minmay_goblin_kobold_house,
          uniq_grinder, uniq_pikel, uniq_blork_the_orc

Skill      XL: |  1  2  3  4  5 |
---------------+----------------+-----
Stealth        | 3 4 |  4.0
Poison Magic   | 4 5 |  5.9
Spellcasting   | 3 |  3.1
Dodging        | |  2.0
Transmutations | |  1.0

Action                   |  1- 3 |  4- 6 || total
-------------------------+-------+-------++-------
Melee: Unarmed           |     9 |       ||     9
       Constrict         |     4 |     2 ||     6
       Tentacles         |     2 |     1 ||     3
       Short sword       |     2 |       ||     2
       Flail             |       |     4 ||     4
 Cast: Sting             |    16 |     4 ||    20
       Poisonous Vapours |    27 |    35 ||    62
       Olgreb's Toxic Ra |       |     2 ||     2
  Use: Scroll            |     5 |     3 ||     8
Armor: Skin              |     3 |     2 ||     5
Dodge: Dodged            |    20 |    12 ||    32

Table legend: (Time is in decaauts)
 A = Elapsed time spent in this place.
 B = Non-inter-level travel time spent in this place.
 C = Inter-level travel time spent in this place.
 D = Time resting spent in this place.
 E = Time spent auto-exploring this place.
 F = Levels seen in this place.
 G = Mean time per level.
                   A        B        C        D        E       F      G
               +--------+--------+--------+--------+--------+-----+--------+
         Total |   3323 |   3287 |     36 |      0 |   2806 |   4 |  830.8 |
       Dungeon |   3323 |   3287 |     36 |      0 |   2806 |   4 |  830.8 |
               +--------+--------+--------+--------+--------+-----+--------+

Top non-repeatable levels by time:
     D:2: 1396 daAuts
     D:1: 1350 daAuts
     D:3: 550 daAuts
     D:4: 26 daAuts
